 Dungeon Crawl Stone Soup version 0.31-a0-431-g88bdf31460 (webtiles) character file.

Game seed: 10867648990107435790

893 Flugkiller the Mimic (level 7, -3/46 HPs)
             Began as a Deep Elf Shapeshifter on July 31, 2023.
             Was an Initiate of Wu Jian.
             Killed from afar by an acid dragon (26 damage)
             ... with a splash of acid
             ... on level 5 of the Dungeon.
             The game lasted 00:05:45 (4397 turns).

Flugkiller the Mimic (Deep Elf Shapeshifter)        Turns: 4397, Time: 00:05:45

Health: -3/46      AC:  5    Str: 17    XL:     7   Next: 78%
Magic:  9/9        EV: 10    Int: 13    God:    Wu Jian [......]
Gold:   198        SH:  0    Dex: 17    Spells: 6/6 levels left

rFire   . . .        o - melded +9 hand axe of Tayvatoqepn {heavy, Str+2 Stlth+}
rCold   . . .        (shield currently unavailable)
rNeg    . . .        y - melded +0 chain mail
rPois   .            v - melded +2 helmet
rElec   .            k - melded +0 cloak
rCorr   .            (gloves currently unavailable)
SInv    .            (boots currently unavailable)
Will    .....        (no amulet)
Stlth   ++           (no ring)
HPRegen 0.27/turn    (no ring)
MPRegen 0.11/turn

%: no passive effects
@: snake-form, corroded
A: constrict, boosted hp, large
a: Begin Untransformation, Renounce Religion


You were on level 5 of the Dungeon.
You worshipped Wu Jian.
Wu Jian was noncommittal.
You were an enormous anaconda.
You visited 1 branch of the dungeon, and saw 5 of its levels.

You collected 198 gold pieces.

Inventory:

Hand Weapons
 o - the +9 hand axe of Tayvatoqepn (melded) {heavy, Str+2 Stlth+}
   (You found it on level 2 of the Dungeon)

   Str:       It affects your strength (+2).
   Stlth:     It makes you more stealthy.
Armour
 a - a +0 animal skin
 k - a +0 cloak (melded)
   (You found it on level 1 of the Dungeon)
 v - a +2 helmet (melded)
   (You found it on level 5 of the Dungeon)
 y - a +0 chain mail (melded)
   (You took it off an orc on level 4 of the Dungeon)
Talismans
 c - a beast talisman
 s - a serpent talisman (active)
   (You found it on level 3 of the Dungeon)
 t - a maw talisman
   (You found it on level 3 of the Dungeon)
Wands
 q - a wand of roots (10)
   (You found it on level 3 of the Dungeon)
 u - a wand of flame (4)
   (You took it off an orc on level 4 of the Dungeon)
 A - a wand of polymorph (4)
   (You found it on level 4 of the Dungeon)
Scrolls
 d - 2 scrolls of revelation
 e - a scroll of poison
 f - a scroll of fog
 g - a scroll of silence
 m - a scroll of blinking {unknown}
 n - a scroll of fear {unknown}
 p - a scroll of amnesia {unknown}
 z - a scroll of teleportation {unknown}
Potions
 b - 3 potions of lignification
 h - a potion of invisibility
 i - a potion of brilliance {unknown}
 j - a potion of ambrosia {unknown}
 l - a potion of curing {unknown}
 x - a potion of mutation {unknown}


   Skills:
 - Level 2.0 Fighting
 - Level 2.4 Dodging
 - Level 2.4 Unarmed Combat
 + Level 8.6 Shapeshifting


You had 6 spell levels left.
You didn't know any spells.
Your spell library contained the following spells:

 Spells                   Type           Power      Damage    Failure   Level
 Blink                    Tloc           0%         N/A       43%         2
 Lesser Beckoning         Tloc           0%         N/A       43%         2
 Static Discharge         Conj/Air       0%         2-2/arc   43%         2
 Gell's Gravitas          Tloc           0%         N/A       67%         3
 Teleport Other           Tloc           0%         N/A       67%         3
 Vhi's Electric Charge    Tloc/Air       0%         N/A       67%         3
 Airstrike                Air            0%         2d(0-16)  97%         4
 Manifold Assault         Tloc           0%         N/A       97%         4
 Summon Lightning Spire   Summ/Air       0%         N/A       97%         4
 Arcjolt                  Conj/Air       0%         1d10      100%        5
 Maxwell's Capacitive Co  Air            0%         ∞         100%        8


Dungeon Overview and Level Annotations

Branches:
Dungeon (5/15) Zot: 25479  Temple (0/1) D:5

Altars:
Fedhas
Wu Jian
Xom

Annotations:
D:3 exclusion: oklob plant


Message History

You slash the ice beast!
You kill the ice beast!
Your Shapeshifting skill increases to level 8!
r - a scroll of identify;
A - a wand of polymorph (4) Unknown command.
You pick up a book of Storms and begin reading...
You add the spells Static Discharge, Airstrike and Summon Lightning Spire to your library.
Found a helmet.
Found an ornate altar of the Wu Jian Council.
A water moccasin comes into view.
The water moccasin hisses angrily.
You see here 12 gold pieces.
Found 3 boomerangs.
You hit the water moccasin.
The water moccasin is lightly wounded.
The water moccasin bites you. The water moccasin bites you!
The water moccasin bites you but does no damage.
You slash the water moccasin!
The water moccasin is heavily wounded.
The water moccasin bites you but does no damage. x2
The water moccasin bites you.
You hit the water moccasin.
The water moccasin is severely wounded.
The water moccasin bites you but does no damage.
The water moccasin bites you.
You are poisoned.
The water moccasin poisons you! The water moccasin bites you.
You are lethally poisoned!
The water moccasin poisons you!
You are too injured to fight recklessly!
You feel much better.
You feel very sick. The water moccasin bites you.
You are lethally poisoned!
The water moccasin poisons you!
Really quaff the potion of lignification?
You turn into a tree.
Your +0 cloak melds into your body.
Your +2 helmet melds into your body.
Your +0 chain mail melds into your body.
Your roots penetrate the ground.
You feel extremely sick. The water moccasin bites you.
The water moccasin bites you but does no damage.
You miss the water moccasin.
The water moccasin is severely wounded.
* * * LOW HITPOINT WARNING * * *
You feel extremely sick.
The water moccasin bites you but does no damage. x2
You slash the water moccasin!
You kill the water moccasin!
* * * LOW HITPOINT WARNING * * *
You feel extremely sick.
You feel much better.
You feel very sick.
You start resting.
You feel sick. x8
You are no longer poisoned.
You start resting.
Your transformation is almost over.
You feel less wooden.
Your +0 cloak unmelds from your body.
Your +2 helmet unmelds from your body.
Your +0 chain mail unmelds from your body.
You now have 198 gold pieces (gained 12).
You start resting.
HP restored.
As you read the scroll of identify, it crumbles to dust.
g - a scroll of silence
Okay, then.
Sorry, you're not good enough to have a special ability.
Unknown command.
There is an ornate altar of the Wu Jian Council here.
You kneel at the altar of Wu Jian.
The Council welcomes you!
You can now perform damaging attacks by moving towards foes.
Okay, then.
You begin transforming.
You continue transforming. x3
You turn into an enormous anaconda.
The +9 hand axe of Tayvatoqepn {heavy, Str+2 Stlth+} melds into your body.
Your +0 cloak melds into your body.
Your +2 helmet melds into your body.
Your +0 chain mail melds into your body.
Okay, then.
You start resting.
HP restored.
Found a hand axe.
d - 2 scrolls of revelation (gained 1)
An acid dragon comes into view.
An acid dragon is nearby!
An acid dragon is nearby!
The acid dragon spits acid at you. The splash of acid hits you!!
You are too injured to fight recklessly!
You are too injured to fight recklessly!
You are too injured to fight recklessly!
The acid dragon spits acid at you. The splash of acid hits you.
The acid corrodes you!
You start resting.
An acid dragon is nearby!
The acid dragon spits acid at you. The splash of acid hits you!!
Ouch! That really hurt!
You die...

##.....## #.......##
#.........# #.).......#
##### #....(....# #...#
#.........# #...#
#.........# [...#
###......D########
..#####.........S......#
####.......[...........#
.....###.......♣.......#
.......#....._.♣..##...#
.......#.......♣..##...#
.......##...♣♣♣♣..##...#
.......##.........##...#
...(...##.#.......##...#
.......##.#..#######...#


You could see an acid dragon (catching breath).

Vanquished Creatures
  A water moccasin (D:5)
  A black bear (D:4)
  An ice beast (D:5)
  An ogre (D:5)
  2 phantoms (D:5)
  A jelly (D:5)
  An orc priest (D:4)
  Natasha (thrice) (D:3)
  2 orc wizards (D:4)
  5 adders
  2 ufetubi
  6 worms
  2 dart slugs (D:1)
  18 orcs
  5 bats
  9 endoplasms
  9 giant cockroaches
  3 hobgoblins
  3 jackals (D:1)
  2 kobolds
  11 ball pythons
  3 frilled lizards
  6 goblins
  6 rats
103 creatures vanquished.

Notes
Turn   | Place    | Note
-------+----------+-------------------------------------------
     0 | D:1      | Flugkiller the Deep Elf Shapeshifter began the quest for
                  | the Orb.
     0 | D:1      | Reached XP level 1. HP: 11/11 MP: 3/3
    32 | D:1      | Reached skill level 1 in Fighting
   107 | D:1      | Reached XP level 2. HP: 17/17 MP: 4/4
   368 | D:1      | Reached XP level 3. HP: 21/21 MP: 5/5
   803 | D:2      | Reached skill level 4 in Shapeshifting
  1422 | D:2      | Reached XP level 4. HP: 23/26 MP: 6/6
  1473 | D:2      | Identified the +9 hand axe of Tayvatoqepn {heavy, Str+2
                  | Stlth+}
  1837 | D:3      | Found a faded altar of an unknown god.
  1873 | D:3      | Noticed Natasha
  1877 | D:3      | Killed Natasha
  1879 | D:3      | Noticed Natasha
  1886 | D:3      | Killed Natasha
  1887 | D:3      | Reached skill level 5 in Shapeshifting
  1887 | D:3      | Reached XP level 5. HP: 13/30 MP: 7/7
  1969 | D:3      | Noticed Natasha
  1983 | D:3      | Killed Natasha
  2075 | D:3      | Found a blossoming altar of Fedhas.
  2091 | D:3      | Noticed an oklob plant
  2660 | D:4      | Noticed a black bear
  2693 | D:4      | Killed a black bear
  2694 | D:4      | Reached skill level 6 in Shapeshifting
  2694 | D:4      | Reached XP level 6. HP: 32/35 MP: 8/8
  3241 | D:4      | Found a bloodstained altar of Trog.
  3244 | D:4      | Found a shimmering altar of Xom.
  3244 | D:4      | Found a basalt altar of Yredelemnul.
  3247 | D:4      | Found a shimmering altar of Xom.
  3247 | D:4      | Found a sacrificial altar of Ru.
  3247 | D:4      | Found a bloodstained altar of Trog.
  3501 | D:5      | Entered Level 5 of the Dungeon
  3574 | D:5      | Reached skill level 7 in Shapeshifting
  3574 | D:5      | Reached XP level 7. HP: 31/40 MP: 9/9
  3644 | D:5      | Noticed Sigmund
  3862 | D:5      | Sigmund changed into Sigmund the worm
  3862 | D:5      | Noticed Sigmund
  3866 | D:5      | Killed Sigmund the worm
  3878 | D:5      | Found a staircase to the Ecumenical Temple.
  4134 | D:5      | Reached skill level 8 in Shapeshifting
  4209 | D:5      | Found an ornate altar of the Wu Jian Council.
  4338 | D:5      | Became a worshipper of the Wu Jian Council
  4397 | D:5      | Killed from afar by an acid dragon

Illustrated notes

Levels and vault maps discovered:
D:1:      dpeg_arrival_tiny_c, layout_basic
D:2:      layout_loops_ring, minmay_fountain_box
D:3:      layout_basic, tgw_fedhas, shapermc_ecumenical_altar_totnotflames,
          minmay_surrounded, uniq_natasha
D:4:      layout_loops_ring, doesnt_xom_only_xom
D:5:      layout_rooms, grunt_qazlal_sundering, mainiacjoe_overflow_chevrons,
          minmay_temple_entry_junction, uniq_sigmund

Skill      XL: |  1  2  3  4  5  6  7 |
---------------+----------------------+-----
Fighting       | 1 2 |  2.0
Shapeshifting  | 4 5 6 7 8 |  8.6
Dodging        | |  2.4
Unarmed Combat | |  2.4

Action                     |  1- 3 |  4- 6 |  7- 9 || total
---------------------------+-------+-------+-------++-------
  Melee: Unarmed           |   133 |     2 |       ||   135
         Punch             |     3 |     1 |       ||     4
         Hand axe          |       |    88 |    33 ||   121
  Evoke: Wand              |       |       |     8 ||     8
    Use: Scroll            |       |     3 |     1 ||     4
         Potion            |       |     2 |     3 ||     5
   Stab: Sleeping          |     4 |    10 |       ||    14
         Distracted        |       |     1 |       ||     1
 Armour: Animal skin       |    15 |    19 |       ||    34
         Chain mail        |       |       |    17 ||    17
         Skin              |       |       |     3 ||     3
  Dodge: Dodged            |    75 |    63 |    15 ||   153
         Form:             |       |       |     1 ||     1
         Anaconda          |       |       |     1 ||     1

Table legend: (Time is in decaauts)
 A = Elapsed time spent in this place.
 B = Non-inter-level travel time spent in this place.
 C = Inter-level travel time spent in this place.
 D = Time resting spent in this place.
 E = Time spent auto-exploring this place.
 F = Levels seen in this place.
 G = Mean time per level.
                   A        B        C        D        E       F      G
               +--------+--------+--------+--------+--------+-----+--------+
         Total |   4519 |   4170 |    349 |    758 |   2316 |   5 |  903.8 |
       Dungeon |   4519 |   4170 |    349 |    758 |   2316 |   5 |  903.8 |
               +--------+--------+--------+--------+--------+-----+--------+

Top non-repeatable levels by time:
     D:4: 1228 daAuts
     D:3: 946 daAuts
     D:1: 912 daAuts
     D:5: 804 daAuts
     D:2: 628 daAuts
